 Dungeon Crawl Stone Soup version 0.28.0-47-ge53b351184 (webtiles) character file.

Game seed: 2221208571543415249

48 101zpm the Magician (level 3, 0/33 HPs)
             Began as a Troll Hedge Wizard on Apr 28, 2022.
             Slain by a hound (2 damage)
             ... on level 6 of the Dungeon.
             The game lasted 00:02:03 (949 turns).

101zpm the Magician (Troll Hedge Wizard)             Turns: 949, Time: 00:02:04

Health: 0/33       AC:  4    Str: 18    XL:     3   Next: 50%
Magic:  5/5        EV: 10    Int: 12    God:
Gold:   87         SH:  0    Dex:  9    Spells: 5/6 levels left

rFire   . . .      SeeInvis .   a - +0 dagger
rCold   . . .      Faith    .   (no shield)
rNeg    . . .      Spirit   .   b - +0 robe
rPois   .          Reflect  .   c - +0 hat
rElec   .          Harm     .   (no cloak)
rCorr   .          Rampage  .   (gloves unavailable)
Will    .....                   (boots unavailable)
Stlth   +.........              (no amulet)
HPRegen 0.91/turn               (no ring)
MPRegen 0.09/turn               (no ring)

@: no status effects
A: large, unfitting armour, claws 3, regeneration 1, shaggy fur 1, tough skin 1
a: no special abilities


You were on level 6 of the Dungeon.
You visited 1 branch of the dungeon, and saw 6 of its levels.

You collected 87 gold pieces.

Inventory:

Hand Weapons
 a - a +0 dagger (weapon)
Armour
 b - a +0 robe (worn)
 c - a +0 hat (worn)
Jewellery
 e - a ring of fire
Scrolls
 d - a scroll of teleportation {unknown}
 f - a scroll of enchant armour {unknown}
 h - a scroll of amnesia {unknown}
 i - a scroll of fog {unknown}
Potions
 g - a potion of heal wounds {unknown}


   Skills:
 + Level 1.0 Fighting
 + Level 0.1 Short Blades
 + Level 2.2 Dodging
 + Level 1.1 Stealth
 + Level 2.2 Spellcasting
 + Level 0.8 Conjurations
 + Level 0.6 Summonings
 + Level 0.6 Translocations


You had 5 spell levels left.
You knew the following spells:

 Your Spells              Type           Power      Damage    Failure   Level
a - Magic Dart            Conj           12%        1d3       19%         1

Your spell library contained the following spells:

 Spells                   Type           Power      Damage    Failure   Level
 Slow                     Hex            4%         N/A       26%         1
 Blink                    Tloc           4%         N/A       30%         2
 Call Imp                 Summ           2%         N/A       30%         2
 Conjure Flame            Conj/Fire      2%         6-21      56%         3
 Mephitic Cloud           Conj/Pois/Air  2%         N/A       56%         3


Dungeon Overview and Level Annotations

Branches:
Dungeon (6/15)
 Temple: D:4-7

Altars:

Shops:
D:1 (

Annotations:
D:3 Grinder


Innate Abilities, Weirdness & Mutations

You are too large for most types of armour.
You have claws for hands.
Your natural rate of healing is unusually fast.
You are covered in fur. (AC +1)
You have tough skin. (AC +1)


Message History

You are too injured to fight recklessly!
You are too injured to fight recklessly!
You are too injured to fight recklessly!
You are too injured to fight recklessly!
You are too injured to fight recklessly!
You are too injured to fight recklessly!
You are too injured to fight recklessly!
You are too injured to fight recklessly!
You are too injured to fight recklessly!
You are too injured to fight recklessly!
You are too injured to fight recklessly!
You are too injured to fight recklessly!
You are too injured to fight recklessly!
You are too injured to fight recklessly!
You are too injured to fight recklessly!
The hound bites you but does no damage. The hound bites you.
The hound closely misses you.
You hit the hound but do no damage.
The hound is lightly wounded.
The hound bites you.
You completely miss the hound.
The hound is lightly wounded.
The hound bites you but does no damage. The hound bites you.
* * * LOW HITPOINT WARNING * * *
You hit the hound but do no damage. You claw the hound!
The hound is heavily wounded.
The hound closely misses you.
You hit the hound.
The hound is severely wounded.
The hound bites you but does no damage. The hound bites you.
* * * LOW HITPOINT WARNING * * *
You hit the hound.
The hound is almost dead.
The hound bites you.
* * * LOW HITPOINT WARNING * * *
You barely miss the hound.
The hound is almost dead.
The hound bites you.
You die...

#.......?#
#........#
#........#
#........#
#........#
#........#
####.#####
##...####
#...lh@.+
##...####
##.## #<#
#.# #.#
#.# #.#
#.#


You could see an iguana and a hound.

Vanquished Creatures
  An adder (D:3)
  A worm (D:3)
  A dart slug (D:1)
  5 ball pythons
  2 giant cockroaches
  2 goblins
  2 hobgoblins
  6 jackals (D:1)
  2 kobolds
  3 bats
  4 frilled lizards
  2 rats
31 creatures vanquished.

Vanquished Creatures (others)
  A butterfly (D:3)
1 creature vanquished.

Grand Total: 32 creatures vanquished

Notes
Turn   | Place    | Note
-------+----------+-------------------------------------------
     0 | D:1      | 101zpm the Troll Hedge Wizard began the quest for the Orb.
     0 | D:1      | Reached XP level 1. HP: 16/16 MP: 2/2
   148 | D:1      | Reached XP level 2. HP: 24/24 MP: 4/4
   214 | D:1      | Found a faded altar of an unknown god.
   466 | D:1      | Found Woant's Weapon Emporium.
   567 | D:3      | Reached skill level 1 in Fighting
   567 | D:3      | Reached XP level 3. HP: 22/33 MP: 5/5
   824 | D:3      | Noticed Grinder
   878 | D:5      | Entered Level 5 of the Dungeon
   948 | D:6      | HP: 1/33 [hound (4)]
   949 | D:6      | Slain by a hound

Illustrated notes

Levels and vault maps discovered:
D:1:      lemuel_arrival_lava_pool, layout_rooms,
          hellmonk_ecumenical_altar_blasted, serial_shops, shop
D:2:      layout_loops_cross, basic_altar, kennysheep_another_room
D:3:      layout_basic, nicolae_elyvilon_peaceful_grove, uniq_ijyb,
          uniq_grinder, uniq_jessica
D:4:      layout_loops_ring, mainiacjoe_overflow_alcove_2, serial_shops, shop,
          nicolae_shop_advertising_works [nicolae_subvault_shop_adworks], shop
D:5:      layout_basic, nicolae_qazlal_eye_of_the_storm
D:6:      layout_loops_corners, temple_fountains, dk_noncrumbling_3

Skill      XL: |  1  2 |
---------------+-------+-----
Dodging        | 2 |  2.2
Fighting       | 1 |  1.0
Short Blades   | |  0.1
Stealth        | |  1.1
Spellcasting   | |  2.2
Conjurations   | |  0.8
Summonings     | |  0.6
Translocations | |  0.6

Action                   || total
-------------------------++-------
Melee: Dagger            ||   262
       Punch             ||     4
 Stab: Sleeping          ||     2
Armor: Robe              ||   130
Dodge: Dodged            ||   158
